 Dungeon Crawl Stone Soup version 0.26.1-2-gb8aa6d0cf2 (webtiles) character file.

Game seed: 18390655856450344163

95 Dagix the Chopper (level 4, -7/41 HPs)
             Began as a Minotaur Berserker on Feb 11, 2021.
             Was a Believer of Trog.
             Mangled by a gnoll
             ... wielding a +1 halberd of protection
              (15 damage)
             ... on level 2 of the Dungeon.
             The game lasted 00:10:04 (1903 turns).

Dagix the Chopper (Minotaur Berserker)              Turns: 1903, Time: 00:10:04

Health: -7/41      AC:  4    Str: 22    XL:     4   Next: 39%
Magic:  3/3        EV: 12    Int:  4    God:    Trog [**....]
Gold:   95         SH:  0    Dex: 10    Spells: 3/3 levels left

rFire    . . .     SeeInvis .   a - +0 hand axe
rCold    . . .     Faith    .   (no shield)
rNeg     . . .     Spirit   .   (no armour)
rPois    .         Reflect  .   (helmet restricted)
rElec    .         Harm     .   (no cloak)
rCorr    .         Rampage  .   r - +2 pair of gloves
Will     .....                  f - +0 pair of boots
Stlth    +.........             (no amulet)
HPRegen  0.13/turn              (no ring)
MPRegen  0.08/turn              (no ring)

@: no status effects
A: retaliatory headbutt, horns 2
a: Renounce Religion, Berserk, Trog's Hand


You were on level 2 of the Dungeon.
You worshipped Trog.
Trog was pleased with you.
You visited 1 branch of the dungeon, and saw 2 of its levels.

You collected 95 gold pieces.

Inventory:

Hand Weapons
 a - a +0 hand axe (weapon)
 h - a +0 mace
 k - a +1 mace of holy wrath
 u - a +0 whip
Armour
 b - a +0 animal skin
 f - a +0 pair of boots (worn)
 i - a +0 robe
 l - a +0 robe
 m - a +0 plate armour
 n - a +0 leather armour
 q - a +0 pair of gloves
 r - a +2 pair of gloves (worn)
 t - a +0 ring mail
Scrolls
 g - 3 scrolls of teleportation {unknown}
 j - 3 scrolls of identify {unknown}
 o - a scroll of magic mapping {unknown}
 p - a scroll of enchant weapon {unknown}
Potions
 c - a potion of flight {unknown}
 d - a potion of curing {unknown}
 e - a potion of resistance {unknown}
 s - a potion of haste {unknown}
 v - a potion of cancellation {unknown}


   Skills:
 + Level 4.4 Fighting
 + Level 5.0 Axes
 + Level 2.8 Armour
 + Level 2.9 Dodging
 + Level 0.4 Stealth


You had 3 spell levels left.
You didn't know any spells.
Your spell library was empty.

Dungeon Overview and Level Annotations

Branches:
Dungeon (2/15)

Altars:


Innate Abilities, Weirdness & Mutations

You reflexively headbutt those who attack you in melee.
You have a pair of horns on your head.


Message History

You hit the gnoll but do no damage.
The gnoll hits you with a +1 halberd of protection.
The gnoll barely misses you.
You hit the gnoll. Your headbutt misses the gnoll.
The gnoll is heavily wounded.
You hit the gnoll. The gnoll barely misses you.
The gnoll hits you with a +1 halberd of protection.
The gnoll barely misses you.
You hit the gnoll.
You headbutt the gnoll, but do no damage.
The gnoll is severely wounded.
You hit the gnoll.
The gnoll hits you with a cursed -2 spear.
The gnoll hits you with a +1 halberd of protection!
* * * LOW HITPOINT WARNING * * *
There is a stone staircase leading up here.
You can't go down here!
The gnoll barely misses you.
The gnoll hits you from afar with a +1 halberd of protection!
You die...

#...# ..####### .....#
.......# #...#.#
#.....#### ##### #
.8.8.8.##......... ...###
......).#.....########....
..).....g.................
.......)#gg...######......
.8.8.8w##........# ##.....
#...#.# #@....##.# ###....
.....# #.....##.......#..
#...# .......###....#...#
##+# .######## #....##...
#... #..รท #... ##.. #...
##. #.#. #. ###... ####.


You could see 3 gnolls.

Vanquished Creatures
  4 adders (D:2)
  2 worms (D:2)
  2 dart slugs
  2 leopard geckos
  4 giant cockroaches
  6 hobgoblins
  5 jackals
  6 bats
  4 frilled lizards
  7 goblins
  A kobold (D:1)
  3 rats (D:2)
46 creatures vanquished.

Notes
Turn   | Place    | Note
-------+----------+-------------------------------------------
     0 | D:1      | Dagix the Minotaur Berserker began the quest for the Orb.
     0 | D:1      | Reached XP level 1. HP: 19/19 MP: 0/0
   115 | D:1      | Reached XP level 2. HP: 27/27 MP: 1/1
   698 | D:1      | Reached skill level 4 in Axes
   989 | D:2      | Reached XP level 3. HP: 31/33 MP: 2/2
  1360 | D:2      | Reached ** piety under Trog
  1442 | D:2      | Reached XP level 4. HP: 39/41 MP: 3/3
  1665 | D:2      | Reached skill level 5 in Axes
  1903 | D:2      | Mangled by a gnoll

Illustrated notes

Levels and vault maps discovered:
D:1:      minmay_arrival_open_corners, layout_basic, item_on_display_a
D:2:      layout_rooms, dk_noncrumbling_3

Skill      XL: |  1  2  3  4 |
---------------+-------------+-----
Fighting       | 4 |  4.4
Axes           | 4 5 |  5.0
Armour         | |  2.8
Dodging        | |  2.9
Stealth        | |  0.4

Action                   |  1- 3 |  4- 6 || total
-------------------------+-------+-------++-------
Melee: Hand axe          |    75 |    18 ||    93
       Headbutt          |     8 |     2 ||    10
Armor: Animal skin       |    12 |       ||    12
       Skin              |    10 |     2 ||    12
Dodge: Dodged            |    63 |    17 ||    80
